 Dungeon Crawl Stone Soup version 0.32-a0-22-g6ae6769602 (webtiles) character file.

Game seed: 6583593607895952823

3654 Malachi the Grappler (level 9, -3/93 HPs)
             Began as a Troll Shapeshifter on Jan 18, 2024.
             Shot with an arrow by a centaur (6 damage)
             ... while paralysed by a hornet
             ... on level 8 of the Dungeon.
             The game lasted 00:07:34 (6456 turns).

Malachi the Grappler (Troll Shapeshifter)           Turns: 6456, Time: 00:07:34

Health: -3/93      AC:  8    Str: 28    XL:     9   Next: 88%
Magic:  8/8        EV:  1    Int:  6    God:
Gold:   443        SH:  0    Dex:  9    Spells: 8/8 levels left

rFire   . .          .
                       - Unarmed
rCold   . . .        (no shield)
rNeg    . . .        s - +3 troll leather armour
rPois   .            (helmet currently unavailable)
rElec   .            (cloak currently unavailable)
rCorr   .            (gloves unavailable)
SInv    .            (boots unavailable)
Will    .....        (no amulet)
Stlth   +            (no ring)
HPRegen 1.95/turn    (no ring)
MPRegen 0.11/turn

%: no passive effects
@: paralysed, lethally poisoned (-3 -> -6), beast-form, slowed
A: beast (slay +4), large, unfitting armour, claws 3, regeneration 1, shaggy fur
1, tough skin 1
a: Begin Untransformation


You were on level 8 of the Dungeon.
You were a hulking beast.
You visited 1 branch of the dungeon, and saw 8 of its levels.

You collected 443 gold pieces.

Inventory:

Missiles
 u - 3 throwing nets (quivered)
 y - 6 boomerangs
Armour
 s - a +3 troll leather armour (worn)
 B - a +0 cloak of poison resistance
 F - a +2 robe of fire resistance
Jewellery
 w - a +6 ring of intelligence
 E - an amulet of faith
Talismans
 c - a beast talisman
 d - a flux talisman
Wands
 v - a wand of paralysis (7)
 x - a wand of flame (54)
Scrolls
 a - a scroll of poison
 f - a scroll of silence
 h - a scroll of blinking
 j - a scroll of identify
 k - 2 scrolls of noise
 l - a scroll of immolation
 n - a scroll of vulnerability
 o - 2 scrolls of fear
 q - a scroll of teleportation
 r - a scroll of torment
 t - 2 scrolls of revelation
Potions
 b - 4 potions of lignification
 e - 2 potions of enlightenment
 g - 2 potions of cancellation
 i - 3 potions of brilliance
 p - 2 potions of attraction
 z - a potion of mutation {unknown}


   Skills:
 + Level 7.0 Fighting
 - Level 1.5 Dodging
 + Level 8.8 Unarmed Combat
 + Level 8.1 Shapeshifting


You had 8 spell levels left.
You didn't know any spells.
Your spell library contained the following spells:

 Spells                   Type           Power      Damage    Failure   Level
 Magic Dart               Conj           0%         1d3       50%         1
 Blink                    Tloc           0%         N/A       63%         2
 Call Imp                 Summ           0%         N/A       63%         2
 Cigotuvi's Dreadful Rot  Necr/Alch/Air  0%         N/A       63%         2
 Mercury Vapours          Alch/Air       0%         N/A       63%         2
 Sublimation of Blood     Necr           0%         N/A       63%         2
 Mephitic Cloud           Conj/Alch/Air  0%         N/A       86%         3
 Animate Dead             Necr           0%         N/A       99%         4
 Summon Blazeheart Golem  Fire/Summ      0%         N/A       99%         4
 Borgnjor's Vile Clutch   Necr/Erth      0%         N/A       100%        5
 Freezing Cloud           Conj/Ice/Air   0%         6-21      100%        5
 Death Channel            Necr           0%         N/A       100%        6
 Plasma Beam              Fire/Air       0%         2x1d10    100%        6


Dungeon Overview and Level Annotations

Branches:
Dungeon (8/15)             Temple (0/1) D:6
   Lair: D:8-11

Altars:
Ashenzari
Elyvilon
Nemelex Xobeh
Vehumet


Innate Abilities, Weirdness & Mutations

You are a hulking beast.
Your limbs bulge with bestial killing power. (Slay +4)
You are too large for most types of armour.
You have claws for hands.
Your natural rate of healing is unusually fast.
You are covered in fur. (AC +1)
You have tough skin. (AC +1)


Message History

The hornet is heavily wounded.
You feel very sick. The hornet barely misses you.
The hornet stings you but does no damage.
You claw the hornet!
The hornet is almost dead.
You feel very sick. The hornet closely misses you.
A centaur comes into view.
The hornet stings you!
* * * LOW HITPOINT WARNING * * *
You are lethally poisoned!
You feel as though you will be slow longer.
An orc comes into view. It is wielding a +0 short sword.
You feel much better.
You feel very sick.
The centaur shouts!
The centaur wields a +0 orcbow.
The centaur shoots an arrow.
The arrow hits you but does no damage. The hornet barely misses you.
The centaur shoots an arrow.
The arrow hits you!
* * * LOW HITPOINT WARNING * * *
The hornet barely misses you.
You feel much better.
You feel very sick.
The centaur shoots an arrow.
The arrow hits you. The hornet stings you.
* * * LOW HITPOINT WARNING * * *
You are more poisoned.
You suddenly lose the ability to move!
The centaur shoots an arrow.
The arrow hits you!
* * * LOW HITPOINT WARNING * * *
The hornet stings you.
* * * LOW HITPOINT WARNING * * *
You feel as though you will be slow longer.
The centaur shoots an arrow.
The arrow hits you!
* * * LOW HITPOINT WARNING * * *
* * * LOW HITPOINT WARNING * * *
You feel very sick. The hornet completely misses you.
The centaur shoots an arrow.
The arrow hits you.
You die...

................#
###+####...##...#
##....##..[##...###
.........†....(...#
...........)....###
....^...........#
...........##...#
##....##...##...####
##....##...##...hyK#
......##...##...##..#
............#...#
.....
............#...'
..o....
...........##...#
.......
##....##...##...#
.......
##....##...##...#
..####.
##....##...#c... .##
.#.).......#


You could see a hornet, a kobold brigand, a centaur and an orc.

Vanquished Creatures
  A two-headed ogre (D:5)
  A troll (D:7)
  A steam dragon (D:7)
  4 water moccasins
  Duvessa (D:5)
  An acid dragon (D:8)
  Pargi (D:4)
  An orc warrior (D:8)
  A black bear (D:6)
  A sky beast (D:7)
  An ogre (D:5)
  A centaur (D:8)
  2 phantoms
  2 kobold brigands (D:8)
  A scorpion (D:6)
  A bullfrog (D:8)
  A gnoll sergeant (D:6)
  Dowan (D:5)
  5 howler monkeys
  A bombardier beetle (D:7)
  A jelly (D:6)
  3 hounds (D:7)
  Crazy Yiuf (D:5)
  Jessica (D:2)
  2 orc wizards
  3 sleepcaps
  26 gnolls
  9 adders
  A shadow imp (D:8)
  3 white imps
  A dart slug (D:2)
  4 ribbon worms
  32 orcs
  6 ball pythons
  3 bats (D:1)
  6 endoplasms
  2 giant cockroaches (D:4)
  3 goblins
  5 hobgoblins
  13 jackals (D:5)
  12 kobolds
  2 quokkas
  5 frilled lizards
  3 rats
  A rat zombie (D:6)
177 creatures vanquished.

Notes
Turn   | Place    | Note
-------+----------+-------------------------------------------
     0 | D:1      | Malachi the Troll Shapeshifter began the quest for the Orb.
     0 | D:1      | Reached XP level 1. HP: 18/18 MP: 0/0
   141 | D:1      | Reached skill level 1 in Fighting
   171 | D:1      | Reached XP level 2. HP: 27/27 MP: 1/1
   501 | D:1      | Found a faded altar of an unknown god.
   850 | D:2      | Reached XP level 3. HP: 33/33 MP: 2/2
   892 | D:2      | Noticed Jessica
   895 | D:2      | Killed Jessica
  1009 | D:2      | Got the Grimoire of Unholy Conflagration
  1106 | D:2      | Reached XP level 4. HP: 42/42 MP: 3/3
  1386 | D:3      | Identified the +1 orcbow "Qiar" {freeze, +Blink Fly Str+4
                  | Dex-3}
  1432 | D:3      | Found a sparkling altar of Nemelex Xobeh.
  1496 | D:3      | Reached XP level 5. HP: 27/50 MP: 4/4
  2023 | D:4      | Found a radiant altar of Vehumet.
  2473 | D:4      | Noticed Pargi
  2481 | D:4      | Killed Pargi
  2482 | D:4      | Reached XP level 6. HP: 43/59 MP: 5/5
  2583 | D:4      | Found a broken altar of Ashenzari.
  2932 | D:5      | Entered Level 5 of the Dungeon
  2955 | D:5      | Found a runed translucent door.
  2955 | D:5      | Noticed Crazy Yiuf
  2969 | D:5      | Noticed a two-headed ogre
  2985 | D:5      | Killed a two-headed ogre
  2986 | D:5      | Reached skill level 5 in Unarmed Combat
  2986 | D:5      | Reached skill level 5 in Shapeshifting
  2986 | D:5      | Reached XP level 7. HP: 15/70 MP: 6/6
  3152 | D:5      | Killed Crazy Yiuf
  3331 | D:5      | Reached XP level 8. HP: 77/79 MP: 7/7
  3592 | D:5      | Reached skill level 5 in Fighting
  3805 | D:5      | Noticed Duvessa
  3806 | D:5      | Noticed Dowan
  3813 | D:5      | Killed Duvessa
  3814 | D:5      | Killed Dowan
  4106 | D:5      | Found a white marble altar of Elyvilon.
  4860 | D:6      | Reached XP level 9. HP: 62/89 MP: 8/8
  5007 | D:6      | Found a staircase to the Ecumenical Temple.
  5031 | D:6      | You fall into a shaft and drop 1 floor!
  5123 | D:7      | Identified the +10 quarterstaff "Zataoq" {flame, Int+4}
  5896 | D:7      | Noticed a troll
  5903 | D:7      | Killed a troll
  6442 | D:8      | Paralysed by a hornet for 2 turns
  6455 | D:8      | Paralysed by a hornet for 2 turns
  6456 | D:8      | HP: 3/93 [poisoned by a hornet]
  6456 | D:8      | Shot with an arrow by a centaur

Illustrated notes

Levels and vault maps discovered:
D:1:      eino_arrival_druids_welcome, layout_loops_ring,
          dreamdust_ecumenical_altar_hidden_monk_grotto
D:2:      layout_loops_cross, uniq_jessica
D:3:      layout_loops_ring, mainiacjoe_overflow_chevrons
D:4:      layout_loops_corners, vehumet_altar_wand_db,
          mainiacjoe_overflow_alcove_2, eino_small_chamber_without_monster,
          minmay_misc_feat_alley, roderic_serpentine_path, uniq_pargi
D:5:      lemuel_castle_with_subvaults [lemuel_castle_interior_carwin_1],
          layout_basic, marbit_many_paths, uniq_crazy_yiuf_cottage, uniq_duvessa
D:6:      layout_basic, minmay_temple_entry_antechambers, enter_ossuary_3
D:7:      layout_layer_cave, solitary_fountain
D:8:      minmay_four_partial_circles, layout_gridville, general_overflow_altar,
          mainiacjoe_overflow_small_starburst

Skill      XL: |  1  2  3  4  5  6  7  8  9 |
---------------+----------------------------+-----
Fighting       | 1 2 4 5 7 |  7.0
Unarmed Combat | 4 5 6 7 8 |  8.8
Shapeshifting  | 4 5 6 8 |  8.1
Dodging        | |  1.5

Action                     |  1- 3 |  4- 6 |  7- 9 || total
---------------------------+-------+-------+-------++-------
  Melee: Unarmed           |    54 |    83 |   250 ||   387
         Punch             |       |     1 |     7 ||     8
  Evoke: Wand              |       |     3 |     3 ||     6
    Use: Scroll            |       |       |    21 ||    21
         Potion            |       |       |     6 ||     6
   Stab: Sleeping          |     2 |       |       ||     2
         Paralysed         |       |     6 |     3 ||     9
 Armour: Animal skin       |    40 |    49 |    72 ||   161
         Robe              |       |       |    70 ||    70
         Troll leather arm |       |       |    71 ||    71
  Dodge: Dodged            |    20 |    32 |   117 ||   169

Table legend: (Time is in decaauts)
 A = Elapsed time spent in this place.
 B = Non-inter-level travel time spent in this place.
 C = Inter-level travel time spent in this place.
 D = Time resting spent in this place.
 E = Time spent auto-exploring this place.
 F = Levels seen in this place.
 G = Mean time per level.
                   A        B        C        D        E       F      G
               +--------+--------+--------+--------+--------+-----+--------+
         Total |   6428 |   6207 |    221 |    524 |   4663 |   8 |  803.5 |
       Dungeon |   6428 |   6207 |    221 |    524 |   4663 |   8 |  803.5 |
               +--------+--------+--------+--------+--------+-----+--------+

Top non-repeatable levels by time:
     D:5: 1862 daAuts
     D:7: 1045 daAuts
     D:4: 949 daAuts
     D:1: 695 daAuts
     D:3: 694 daAuts
     D:2: 583 daAuts
     D:6: 443 daAuts
     D:8: 154 daAuts
